 Dungeon Crawl Stone Soup version 0.29.1-13-g9f3cf754e1 (webtiles) character file.

Game seed: 18006665408001661958

77 shadowmeld the Insei (level 4, -2/35 HPs)
             Began as a Djinni Monk on Jan 29, 2023.
             Slain by an ogre
             ... wielding a +0 giant club
              (9 damage)
             ... on level 3 of the Dungeon.
             The game lasted 00:12:32 (2434 turns).

shadowmeld the Insei (Djinni Monk)                  Turns: 2434, Time: 00:12:33

Health: -2/35      AC:  9    Str: 12    XL:     4   Next: 58%
Gold:   131        EV:  6    Int: 11    God:
                   SH:  0    Dex: 16

rFire   + + .      SeeInvis .     - Unarmed
rCold   x . .      Faith    .   (no shield)
rNeg    . . .      Spirit   .   m - +0 chain mail
rPois   ∞          Reflect  .   (no helmet)
rElec   .          Harm     .   (no cloak)
rCorr   .          Rampage  .   l - +0 pair of gloves
Will    .....                   (boots unavailable)
Stlth   ..........              (no amulet)
HPRegen 0.11/turn               (no ring)
MPRegen 0.00/turn               (no ring)

@: flying
A: sickness immunity, fire resistance 2, cold vulnerability 1, float, innate
caster, HP casting, extra vitality 1
a: no special abilities


You were on level 3 of the Dungeon.
You visited 1 branch of the dungeon, and saw 3 of its levels.

You collected 131 gold pieces.

Inventory:

Hand Weapons
 h - a +3 short sword
Missiles
 k - 3 poisoned darts (quivered)
Armour
 l - a +0 pair of gloves (worn)
 m - a +0 chain mail (worn)
Wands
 p - a wand of paralysis (14)
Scrolls
 a - a scroll of noise
 d - a scroll of fear {unknown}
 g - a scroll of enchant weapon {unknown}
 i - 2 scrolls of magic mapping
 j - a scroll of fog {unknown}
 o - a scroll of teleportation {unknown}
Potions
 b - 3 potions of ambrosia
 e - a potion of resistance {unknown}
 n - a potion of degeneration {unknown}


   Skills:
 * Level 3.4 Fighting
 * Level 1.1 Armour
 * Level 3.8 Dodging
 - Level 1.5 Stealth
 * Level 3.9 Unarmed Combat
 * Level 0.5 Spellcasting


You had 3 spell levels left.
You knew the following spells:

 Your Spells              Type           Power      Damage    Failure   Level
a - Freeze                Ice            4%         1d3       100%        1
Your spell library was empty.


Dungeon Overview and Level Annotations

Branches:
Dungeon (3/15)

Altars:


Innate Abilities, Weirdness & Mutations

You are immune to sickness and miasma.
You are immune to poison.
Your flesh is very heat resistant. (rF++)
You are vulnerable to cold. (rC-)
You float through the air rather than walking.
You learn spells naturally, not from books.
Your magical power is your life essence.
You have superior vitality. (+4 MHP)


Message History

The adder is almost dead.
The adder bites you but does no damage.
You hit the adder.
You kill the adder!
A kobold comes into view. It is wielding a +0 whip.
The kobold shouts!
The kobold hits you but does no damage.
You miss the kobold. The kobold hits you but does no damage.
You punch the kobold!
You kill the kobold!
b - 3 potions of ambrosia (gained 1)
As you read the scroll labelled KUZ HORUULEA, it crumbles to dust.
It is a scroll of identify.
a - a scroll of noise
As you read the scroll of identify, it crumbles to dust.
c - a scroll of immolation Unknown command.
There is a stone staircase leading down here.
You fly downwards.
There is a stone staircase leading up here.
An ogre comes into view. It is wielding a +0 giant club.
The ogre shouts!
A kobold comes into view. It is wielding a +0 whip.
Really read the scroll of immolation?
Okay, then.
The kobold shouts!
Really read the scroll of immolation?
As you read the scroll of immolation, it crumbles to dust.
The creatures around you are filled with an inner flame!
The ogre barely misses you. The ogre attacks as you move away!
The ogre hits you with a +0 giant club. The ogre barely misses you.
The ogre attacks as you move away!
The ogre hits you with a +0 giant club!!
Ouch! That really hurt!
* * * LOW HITPOINT WARNING * * *
The ogre completely misses you.
The kobold's inner flame fades away.
The ogre attacks as you move away! The ogre hits you with a +0 giant club!
You die...

.# ##.# #..# #..
. #.####...
###......########
#K....# #.K....#
#.########O####.#
#.........@.....#
##..######.######
##.# #...# #.#
###.# #.# #.# #..
#.# ... #.# .#.#
#.# #<#


You could see an ogre (inner flame) and a kobold.

Vanquished Creatures
  A gnoll (D:1)
  3 adders (D:2)
  3 orcs (D:2)
  6 ball pythons
  2 endoplasms (D:2)
  2 giant cockroaches
  5 goblins
  4 hobgoblins
  4 kobolds
  3 bats
  3 rats
36 creatures vanquished.

Vanquished Creatures (others)
  A fungus (D:1)
  2 withered plants (D:2)
3 creatures vanquished.

Grand Total: 39 creatures vanquished

Notes
Turn   | Place    | Note
-------+----------+-------------------------------------------
     0 | D:1      | shadowmeld the Djinni Monk began the quest for the Orb.
     0 | D:1      | Reached XP level 1. HP: 20/20 MP: 0/0
   132 | D:1      | Reached XP level 2. HP: 14/25 MP: 0/0
   546 | D:1      | Reached XP level 3. HP: 7/30 MP: 0/0
   546 | D:1      | Learned a level 1 spell: Freeze
  1577 | D:2      | Reached XP level 4. HP: 30/35 MP: 0/0
  1677 | D:2      | Found a faded altar of an unknown god.
  2135 | D:2      | Reached skill level 1 in Armour
  2402 | D:3      | Noticed an ogre
  2434 | D:3      | Slain by an ogre

Illustrated notes

Levels and vault maps discovered:
D:1:      onia_arrival_mini_maze_b, layout_basic, chequers_serial_rivers_large_a
D:2:      minmay_general_purpose_star, layout_basic,
          ebering_ecumenical_altar_petrified, minmay_misc_feat_pillars,
          guppyfry_early_orc_mine
D:3:      minmay_evil_eye, layout_basic, kennysheep_another_room,
          minmay_fractal_squares_5

Skill      XL: |  1  2  3  4 |
---------------+-------------+-----
Armour         | 1 |  1.1
Fighting       | |  3.4
Dodging        | |  3.8
Stealth        | |  1.5
Unarmed Combat | |  3.9
Spellcasting   | |  0.5

Action                   |  1- 3 |  4- 6 || total
-------------------------+-------+-------++-------
Melee: Unarmed           |    84 |    47 ||   131
       Punch             |     1 |     1 ||     2
  Use: Scroll            |     2 |     4 ||     6
Armor: Robe              |     4 |       ||     4
       Leather armour    |     6 |     6 ||    12
       Chain mail        |       |     9 ||     9
Dodge: Dodged            |    50 |    25 ||    75
